 Dungeon Crawl Stone Soup version 0.30-a0-596-g0af90f9a20 (webtiles) character file.

Game seed: 7850807789226110879

123 bmack86 the Trooper (level 4, 0/41 HPs)
             Began as a Minotaur Fighter on Jan 7, 2023.
             Slain by a phantom (2 damage)
             ... on level 5 of the Dungeon.
             The game lasted 00:04:06 (1606 turns).

bmack86 the Trooper (Minotaur Fighter)              Turns: 1606, Time: 00:04:06

Health: 0/41       AC:  7    Str: 23    XL:     4   Next: 79%
Magic:  3/3        EV:  9    Int:  5    God:
Gold:   169        SH:  4    Dex:  9    Spells: 3/3 levels left

rFire   . . .      SeeInvis .    a - +0 war axe
rCold   . . .      Faith    .    c - +0 buckler
rNeg    . . .      Spirit   .    b - +0 scale mail
rPois   .          Reflect  .    (helmet restricted)
rElec   .          Harm     .    (no cloak)
rCorr   .          Rampage  .    (no gloves)
Will    .....                    (no boots) Stlth
                                 (no amulet)
HPRegen 0.26/turn                (no ring)
MPRegen 0.08/turn                (no ring)

@: no status effects
A: horns 2, retaliatory headbutt
a: no special abilities


You were on level 5 of the Dungeon.
You visited 1 branch of the dungeon, and saw 5 of its levels.

You collected 169 gold pieces.

Inventory:

Hand Weapons
 a - a +0 war axe (weapon)
Missiles
 l - 6 poisoned darts (quivered)
Armour
 b - a +0 scale mail (worn)
 c - a +0 buckler (worn)
Scrolls
 e - a scroll of brand weapon {unknown}
 f - a scroll of teleportation
 g - a scroll of enchant weapon {unknown}
 k - a scroll of poison {unknown}
 m - a scroll of torment {unknown}
 o - a scroll of magic mapping {unknown}
 p - a scroll of amnesia {unknown}
Potions
 d - a potion of might
 h - 3 potions of heal wounds {unknown}
 i - 2 potions of curing {unknown}
 j - a potion of flight {unknown}
 n - 2 potions of attraction {unknown}


   Skills:
 * Level 4.8 Fighting
 * Level 3.8 Axes
 + Level 0.8 Throwing
 + Level 4.2 Armour
 + Level 4.3 Shields


You had 3 spell levels left.
You didn't know any spells.
Your spell library contained the following spells:

 Spells                   Type           Power      Damage    Failure   Level
 Sting                    Tmut/Pois      0%         1d3       86%         1
 Poisonous Vapours        Pois/Air       0%         N/A       95%         2
 Olgreb's Toxic Radiance  Pois           0%         N/A       100%        4


Dungeon Overview and Level Annotations

Branches:
Dungeon (6/15)
 Temple: D:4-7

Altars:
Trog


Innate Abilities, Weirdness & Mutations

You have a pair of horns on your head.
You reflexively headbutt those who attack you in melee.


Message History

You now have 169 gold pieces (gained 19).
The gnoll shouts!
A gnoll comes into view. It is wielding a +0 spear.
The gnoll shouts!
The phantom hits you but does no damage.
You hit the phantom but do no damage. Your headbutt misses the phantom.
The phantom hits you but does no damage.
You closely miss the phantom. You block the phantom's attack.
The gnoll hits you but does no damage.
You closely miss the phantom. You barely miss the gnoll.
You block the gnoll's attack. The gnoll barely misses you.
The phantom hits you but does no damage.
You block the gnoll's attack. x2
The phantom hits you but does no damage.
The gnoll hits you but does no damage.
You hit the phantom.
The phantom is lightly damaged.
You closely miss the gnoll. The gnoll hits you but does no damage.
You block the phantom's attack.
The gnoll hits you but does no damage. x2
You miss the phantom.
The phantom is lightly damaged.
You barely miss the gnoll. You block the gnoll's attack.
The phantom hits you but does no damage.
The gnoll closely misses you. The gnoll hits you but does no damage.
You barely miss the phantom.
The phantom is lightly damaged.
You closely miss the gnoll. The gnoll hits you with a +0 whip.
The gnoll hits you from afar with a +0 spear.
The phantom hits you.
* * * LOW HITPOINT WARNING * * *
The gnoll barely misses you. x2; The gnoll hits you with a +0 whip.
* * * LOW HITPOINT WARNING * * *
The phantom hits you but does no damage.
The gnoll hits you but does no damage.
You closely miss the phantom.
You headbutt the phantom, but do no damage.
The phantom is lightly damaged.
You hit the gnoll but do no damage. You block the gnoll's attack.
The phantom hits you.
You die...

.........#
..........########
#.................#
#.................#
.................#
###........g......#
##.....[|...g.g....#
.##..#.....?...W@....#
.................#####
###...†.....######
..>.........#
......#.....#
.#####......# #
#.....### ...#.#..#
.####.##...


You could see a phantom and 3 gnolls.

Vanquished Creatures
  A necrophage (D:5)
  An adder (D:6)
  A worm (D:2)
  3 dart slugs
  3 bats
  7 endoplasms
  2 giant cockroaches (D:2)
  2 goblins
  5 hobgoblins
  3 jackals (D:1)
  A quokka (D:3)
  7 ball pythons
  2 frilled lizards (D:1)
  2 kobolds
  6 rats
46 creatures vanquished.

Notes
Turn   | Place    | Note
-------+----------+-------------------------------------------
     0 | D:1      | bmack86 the Minotaur Fighter began the quest for the Orb.
     0 | D:1      | Reached XP level 1. HP: 19/19 MP: 0/0
   167 | D:1      | Reached XP level 2. HP: 27/27 MP: 1/1
   805 | D:2      | Reached XP level 3. HP: 33/33 MP: 2/2
  1475 | D:3      | Found a bloodstained altar of Trog.
  1490 | D:3      | You fall into a shaft and drop 3 floors!
  1565 | D:5      | Entered Level 5 of the Dungeon
  1565 | D:5      | Noticed a necrophage
  1583 | D:5      | Killed a necrophage
  1584 | D:5      | Reached XP level 4. HP: 17/41 MP: 3/3
  1588 | D:5      | Noticed a phantom
  1605 | D:5      | HP: 2/41 [gnoll/+0 whip (5)]
  1606 | D:5      | Slain by a phantom

Illustrated notes

Levels and vault maps discovered:
D:1:      shiori_angband_town, layout_loops_ring
D:2:      layout_loops_ring
D:3:      layout_basic, mainiacjoe_overflow_six_doors_small,
          grunt_temple_overflow_open
D:5:      layout_rooms
D:6:      layout_gridville, serial_shops, shop, st_stairs_10,
          kennysheep_generic_room_6

Skill      XL: |  1  2  3 |
---------------+----------+-----
Fighting       | 4 |  4.8
Axes           | 3 |  3.8
Shields        | 4 |  4.3
Armour         | 4 |  4.2
Throwing       | |  0.8

Action                   |  1- 3 |  4- 6 || total
-------------------------+-------+-------++-------
Melee: War axe           |    96 |     7 ||   103
       Headbutt          |    10 |     1 ||    11
Throw: Dart              |     5 |       ||     5
  Use: Scroll            |     1 |       ||     1
Armor: Scale mail        |    40 |    13 ||    53
Dodge: Dodged            |    55 |     4 ||    59
Block: Buckler           |    29 |     7 ||    36

Table legend: (Time is in decaauts)
 A = Elapsed time spent in this place.
 B = Non-inter-level travel time spent in this place.
 C = Inter-level travel time spent in this place.
 D = Time resting spent in this place.
 E = Time spent auto-exploring this place.
 F = Levels seen in this place.
 G = Mean time per level.
                   A        B        C        D        E       F      G
               +--------+--------+--------+--------+--------+-----+--------+
         Total |   1644 |   1611 |     33 |      0 |   1056 |   5 |  328.8 |
       Dungeon |   1644 |   1611 |     33 |      0 |   1056 |   5 |  328.8 |
               +--------+--------+--------+--------+--------+-----+--------+

Top non-repeatable levels by time:
     D:1: 804 daAuts
     D:2: 613 daAuts
     D:3: 101 daAuts
     D:6: 76 daAuts
     D:5: 47 daAuts
